AoeStats
← bone app the teeth

Nomad

508796424Analyzed
3v3 RM · 8d ago on Sep 24, 2026· 43m 44s· 6 players
Game mode
Random Map
Map size
210×210
Population
200
Speed
Normal
Resources
Standard
Victory
Conquest
Starting age
Dark Age
Ending age
Imperial Age
RankedLock teamsTeams togetherTeam positionsShared explorationLock speedFull tech treeHidden civsTurbo modeCheats
Victory
Defeat
🇺🇸 Italians · United States
1045
+15
🇺🇸 Persians · United States
1043
+15
🇺🇸 Japanese · United States
942
+18
🇰🇷 Varangians · South Korea
1020
-16
🇰🇷 Vikings · South Korea
1020
-16
🇰🇷 Danes · South Korea
1009
-16
Aluerad
3:46 Loom
16:22 Feudal Age
16:48 Double-Bit Axe
18:17 Horse Collar
19:30 Bloodlines
20:46 Forging
21:06 Scale Barding Armor
24:50 Castle Age
24:22 Wheelbarrow
26:10 Husbandry
26:34 Chain Barding Armor
26:50 Iron Casting
26:57 Gold Mining
26:57 Stone Mining
27:24 Bow Saw
27:18 Heavy Plow
29:41 Hand Cart
33:48 Town Watch
35:42 Town Patrol
39:05 Imperial Age
39:18 Cavalier
40:38 Plate Barding Armor
41:22 Blast Furnace
40:40 Savar
42:19 Conscription
42:37 Crop Rotation
43:11 Two-Man Saw
bone app the teeth
5:13 Loom
13:39 Feudal Age
14:07 Double-Bit Axe
14:06 Fishing Lines
17:01 Padded Archer Armor
18:41 Fletching
19:38 Gold Mining
22:40 Castle Age
22:50 Crossbowman
24:10 Thumb Ring
24:23 Stone Mining
26:46 Bow Saw
28:06 Gillnets
30:42 Bloodlines
30:40 Scale Barding Armor
31:48 Bodkin Arrow
35:41 Wheelbarrow
38:31 Ballistics
41:54 Imperial Age
41:27 Stone Shaft Mining
42:23 Forging
42:05 Cavalier
42:47 Husbandry
44:21 Hoardings
44:14 Bracer
Onea Usix
10:25 Loom
14:51 Feudal Age
16:35 Man-at-Arms
25:00 Wheelbarrow
25:06 Horse Collar
25:24 Double-Bit Axe
27:03 Gold Mining
34:22 Castle Age
35:19 Fletching
35:42 Forging
35:32 Scale Mail Armor
36:13 Bow Saw
36:40 Gold Shaft Mining
36:38 Long Swordsman
37:03 Gambesons
37:19 Squires
37:05 Arson
37:30 Heavy Plow
40:18 Chain Mail Armor
tarfire
5:46 Loom
14:22 Feudal Age
15:14 Double-Bit Axe
17:59 Horse Collar
20:52 Castle Age
18:53 Fishing Lines
22:05 Bow Saw
21:24 Pikeman
22:05 Squires
22:09 Fletching
25:33 Elite Skirmisher
26:31 Bodkin Arrow
29:10 Gillnets
29:35 Padded Archer Armor
33:03 Scale Mail Armor
33:14 Forging
33:34 Arson
34:08 Chain Mail Armor
39:48 Imperial Age
37:56 Wheelbarrow
37:07 Town Watch
38:24 Gambesons
38:59 Leather Archer Armor
39:20 Iron Casting
38:59 Gold Mining
39:02 Stone Mining
40:16 Heavy Plow
40:06 Halberdier
44:50 Blast Furnace
asia.at[mad]
4:33 Loom
14:27 Feudal Age
14:35 Man-at-Arms
19:44 Wheelbarrow
26:28 Castle Age
24:43 Double-Bit Axe
24:51 Stone Mining
30:05 Pikeman
30:46 Squires
33:10 Elite Skirmisher
38:10 Fletching
Xi Jinping
13:30 Feudal Age
18:04 Padded Archer Armor
19:50 Fletching
20:02 Double-Bit Axe
27:24 Castle Age
27:28 Crossbowman
31:33 Squires
34:12 Elite Skirmisher
38:28 Pikeman
38:54 Arson
39:11 Bodkin Arrow
39:31 Leather Archer Armor
42:26 Bow Saw
42:49 Scale Mail Armor
43:00 Forging
Connection lost

Rejoining the realm…

Still unreachable

The connection could not be restored.

Session expired

The server has moved on; the page needs a fresh start.